 Dungeon Crawl Stone Soup version 0.17.1-2-g5865329 (webtiles) character file.

1242 PossumBlood the Archer (level 8, -2/50 HPs)
             Began as a High Elf Hunter on Jan 30, 2016.
             Slain by a sky beast (3 damage)
             ... on level 6 of the Dungeon.
             The game lasted 00:21:02 (6065 turns).

PossumBlood the Archer (High Elf Hunter)            Turns: 6065, Time: 00:21:02

Health: -2/50      AC:  7    Str:  9 (11) XL:     8   Next: 25%
Magic:  0/9        EV: 15    Int: 15      God:
Gold:   211        SH:  0    Dex: 18      Spells: 0 memorised, 7 levels left

rFire  . . .     SeeInvis .     b - +0 short sword
rCold  . . .     Clarity  .     c - +2 leather armour
rNeg   + . .     SustAt   .     (no shield)
rPois  .         Gourm    .     v - +0 helmet
rElec  .         Spirit   +     (no cloak)
rCorr  .         Warding  .     (no gloves)
rMut   .         Stasis   .     i - +0 pair of boots
MR     .....                    A - amulet of guardian spirit
Stlth  ++........               s - +3 ring of evasion
                                r - ring of positive energy

@: very slightly contaminated, invisible, not resistant to hostile enchantments,
unstealthy
A: no striking features
a: no special abilities


You were on level 6 of the Dungeon.
You were not hungry.

You visited 2 branches of the dungeon, and saw 7 of its levels.
You also visited: Ossuary.

You collected 211 gold pieces.

Inventory:

Hand Weapons
 a - a +4 shortbow
 b - a +0 short sword (weapon)
Missiles
 w - 4 arrows
Armour
 c - a +2 leather armour (worn)
 i - a +0 pair of boots (worn)
 v - a +0 helmet (worn)
Jewellery
 j - an uncursed amulet of the gourmand
 r - a ring of positive energy (left hand)
 s - a +3 ring of evasion (right hand)
 A - an amulet of guardian spirit (around neck)
Wands
 h - a wand of magic darts (48)
Scrolls
 B - a scroll of magic mapping
 E - a scroll of remove curse
 G - a scroll of identify
 H - a scroll of amnesia
Potions
 f - a potion of degeneration
 g - a potion of flight
 l - a potion of brilliance
 m - 2 potions of lignification
 o - 2 potions of haste
 p - a potion of mutation {unknown}
 q - 3 potions of might
 u - a potion of resistance
 C - a potion of agility
 F - a potion of curing
Books
 d - a Fen Folio

   Spells                             Type                      Level
   a - Corpse Rot                     Necromancy                   2
   b - Stone Arrow                    Conjuration/Earth            3
   c - Leda's Liquefaction            Hexes/Earth                  4
   d - Summon Forest                  Summoning/Translocation      5
   e - Hydra Form                     Transmutation                6
   f - Summon Hydra                   Summoning                    7
 t - a book of Clouds

   Spells                             Type                      Level
   a - Mephitic Cloud                 Conjuration/Poison/Air       3
   b - Conjure Flame                  Conjuration/Fire             3
   c - Poisonous Cloud                Conjuration/Poison/Air       6
   d - Freezing Cloud                 Conjuration/Ice/Air          6
   e - Ring of Flames                 Charms/Fire                  7
Comestibles
 e - a bread ration
 k - 3 fruits
 n - 3 meat rations
 z - 2 beef jerkies


   Skills:
 - Level 2.0 Fighting
 * Level 13.4 Bows
 - Level 2.1 Dodging
 - Level 1.1 Stealth


You had 7 spell levels left.
You didn't know any spells.

Dungeon Overview and Level Annotations

Branches:
Dungeon (6/15)             Temple (1/1) D:5

Altars:
Ashenzari
Cheibriados
Dithmenos
Elyvilon
Gozag
Kikubaaqudgha
Makhleb
Nemelex Xobeh
Qazlal
Ru
Sif Muna
Trog
Vehumet
Yredelemnul
Zin
The Shining One


Message History

The giant frog skeleton hits you but does no damage.
The orc hits you but does no damage. The ogre hits you but does no damage.
The adder bites you. Something hits you but does no damage.
Drink which item? (? for menu, Esc to quit)
It was a potion of invisibility.
You fade into invisibility!
You feel less woody.
Your +0 helmet unmelds from your body.
Your +0 pair of boots unmelds from your body.
Your +2 leather armour unmelds from your body.
The giant frog skeleton hits you.
* * * LOW HITPOINT WARNING * * *
The adder misses you. The orc warrior closely misses you.
The orc closely misses you. The orc wizard misses you.
The ogre barely misses you. Something hits you but does no damage.
You are very lightly contaminated with residual magic.
Drink which item? (? for menu, Esc to quit)
Okay, then.
The giant frog skeleton misses you. The adder closely misses you.
Something hits you. Something shocks you.
You die...

################
#..............#
#..............#
#..............#
#..............#
#..............#******
#......OS.......,,,,,*
#....ooo@.......,,,,,*
#...(..{Z.......,,,,,*
#......o........,,,,,*
#...............,,,,,*
#...............,,,,,*
#...............,,,,,****
#...............,,,>,,,,*
#...............,,,,,,,,*
**************,,,,,,,,,,*


You could see an orc warrior (wandering), an ogre, an orc wizard, an adder, 2
orcs and a giant frog skeleton.

Vanquished Creatures
  An ogre (D:4)
  2 sky beasts (D:5)
  A phantom (D:4)
  3 water moccasin zombies (Ossuary)
  A giant frog (D:4)
  A scorpion (D:4)
  A wight (D:6)
  A crimson imp (D:5)
  An orc priest (D:4)
  2 hounds (D:4)
  Ijyb (D:3)
  An orc wizard (D:5)
  An iguana (D:4)
  4 worker ants
  2 big kobold zombies (Ossuary)
  2 mummies (Ossuary)
  6 adders
  5 adder zombies (Ossuary)
  A worm (D:2)
  3 giant geckos
  8 orcs
  6 giant cockroaches
  2 gnoll zombies (Ossuary)
  14 goblins
  6 hobgoblins
  A quokka (D:3)
  A ball python (D:1)
  A ball python skeleton (D:4)
  6 bats
  A giant gecko skeleton (D:4)
  5 giant newts
  2 hobgoblin zombies (Ossuary)
  8 jackals (D:3)
  9 kobolds
  3 kobold zombies (Ossuary)
  2 orc zombies (Ossuary)
  A quokka skeleton (D:5)
  8 rats
  A plant (D:5)
125 creatures vanquished.

Vanquished Creatures (others)
  A sky beast (D:6)
1 creature vanquished.

Grand Total: 126 creatures vanquished

Notes
Turn   | Place    | Note
--------------------------------------------------------------
     0 | D:1      | PossumBlood the High Elf Hunter began the quest for the Orb.
     0 | D:1      | Reached XP level 1. HP: 14/14 MP: 2/2
   114 | D:1      | Reached XP level 2. HP: 19/19 MP: 3/3
   130 | D:1      | Reached skill level 6 in Bows
   706 | D:2      | Reached XP level 3. HP: 24/24 MP: 4/4
   776 | D:2      | Found an ancient bone altar of Kikubaaqudgha.
   889 | D:2      | Reached skill level 7 in Bows
  1325 | D:3      | Reached XP level 4. HP: 29/29 MP: 5/5
  1437 | D:3      | Noticed Ijyb
  1452 | D:3      | Killed Ijyb
  1452 | D:3      | Reached skill level 8 in Bows
  1751 | D:3      | Reached XP level 5. HP: 32/34 MP: 6/6
  2149 | D:4      | Reached skill level 9 in Bows
  2186 | D:4      | Found a sparkling altar of Nemelex Xobeh.
  2190 | D:4      | Found a radiant altar of Vehumet.
  2195 | D:4      | Found a glowing golden altar of the Shining One.
  2250 | D:4      | Noticed a phantom
  2298 | D:4      | Killed a phantom
  2298 | D:4      | Reached XP level 6. HP: 19/39 MP: 7/7
  2550 | D:4      | Noticed an ogre
  2559 | D:4      | Killed an ogre
  2559 | D:4      | Reached skill level 10 in Bows
  3443 | D:4      | Reached skill level 11 in Bows
  3443 | D:4      | Reached XP level 7. HP: 34/45 MP: 8/8
  3667 | D:5      | Entered Level 5 of the Dungeon
  3692 | D:5      | HP: 2/45 [something (3)]
  4433 | D:5      | Found a sacrificial altar of Ru.
  4472 | D:5      | Found a staircase to the Ecumenical Temple.
  4500 | Temple   | Entered the Ecumenical Temple
  4846 | D:5      | Reached skill level 12 in Bows
  5207 | D:6      | Found a sand-covered staircase.
  5258 | Ossuary  | Entered an ossuary
  5295 | Ossuary  | Reached XP level 8. HP: 35/50 MP: 7/9
  5666 | Ossuary  | Reached skill level 13 in Bows
  6064 | D:6      | HP: 1/50 [giant frog skeleton (1)]
  6065 | D:6      | Slain by a sky beast

Action                   |  1- 3 |  4- 6 |  7- 9 || total
-------------------------+-------+-------+-------++-------
Melee: Short sword       |       |    30 |   159 ||   189
 Fire: Shortbow          |    92 |   145 |   109 ||   346
Throw: Javelin           |       |       |    37 ||    37
  Use: Scroll            |       |    13 |     7 ||    20
       Potion            |       |       |    10 ||    10
  Eat: Bread ration      |     1 |     1 |     1 ||     3
       Fruit             |       |     1 |       ||     1
       Beef jerky        |       |       |     1 ||     1
